 Dungeon Crawl Stone Soup version 0.30-a0-476-g330ca2eb8e (webtiles) character file.

Game seed: 883022924647751734

515 Anon1729 the Chopper (level 7, -12/61 HPs)
             Began as a Minotaur Monk on Dec 21, 2022.
             Was a Priest of Makhleb.
             Killed from afar by a steam dragon (18 damage)
             ... with a ball of steam
             ... on level 5 of the Dungeon.
             The game lasted 00:03:12 (3604 turns).

Anon1729 the Chopper (Minotaur Monk)                Turns: 3604, Time: 00:03:13

Health: -12/61     AC:  5    Str: 18    XL:     7   Next: 0%
Magic:  7/7        EV: 10    Int:  7    God:    Makhleb [***...]
Gold:   275        SH:  8    Dex: 12    Spells: 6/6 levels left

rFire   . . .      SeeInvis +    a - +0 hand axe
rCold   + + .      Faith    .    p - +0 kite shield
rNeg    . . .      Spirit   .    w - +2 leather armour "Vuenol" {Fly rC++ Will+ SInv}
rPois   .          Reflect  .    (helmet restricted)
rElec   .          Harm     .    (no cloak)
rCorr   .          Rampage  .    (no gloves)
Will    +....                    (no boots)
Stlth   +.........               (no amulet)
HPRegen 0.30/turn                (no ring)
MPRegen 0.10/turn                (no ring)

@: flying
A: horns 2, retaliatory headbutt
a: Renounce Religion, Minor Destruction, Lesser Servant of Makhleb


You were on level 5 of the Dungeon.
You worshipped Makhleb.
Makhleb was most pleased with you.
You visited 1 branch of the dungeon, and saw 5 of its levels.

You collected 275 gold pieces.

Inventory:

Hand Weapons
 a - a +0 hand axe (weapon)
 A - a +0 scythe
Armour
 b - a +0 robe
 d - a +0 ring mail
 j - a +0 scale mail
 p - a +0 kite shield (worn)
 w - the +2 leather armour "Vuenol" (worn) {Fly rC++ Will+ SInv}
   (You found it on level 4 of the Dungeon)

   rC:        It greatly protects you from cold.
   SInv:      It lets you see invisible.
   Fly:       It grants you flight.
   Will:      It increases your willpower.
Wands
 o - a wand of digging (8)
Scrolls
 e - a scroll of teleportation {unknown}
 f - a scroll of blinking {unknown}
 g - a scroll of silence {unknown}
 l - a scroll of enchant armour {unknown}
 n - a scroll of noise {unknown}
 q - 8 scrolls of identify {unknown}
 r - a scroll of torment {unknown}
 t - a scroll of butterflies {unknown}
 u - a scroll of acquirement {unknown}
 y - a scroll of vulnerability {unknown}
Potions
 c - a potion of ambrosia
 h - 2 potions of might {unknown}
 i - a potion of brilliance {unknown}
 k - 4 potions of curing
 m - a potion of flight {unknown}
 s - a potion of magic {unknown}
 v - a potion of berserk rage {unknown}
 x - a potion of mutation {unknown}
 z - a potion of heal wounds {unknown}


   Skills:
 + Level 5.3 Fighting
 * Level 6.6 Axes
 + Level 3.4 Armour
 - Level 3.3 Dodging
 - Level 1.5 Stealth
 + Level 2.5 Shields
 + Level 2.1 Invocations


You had 6 spell levels left.
You didn't know any spells.
Your spell library contained the following spells:

 Spells                   Type           Power      Damage    Failure   Level
 Tukima's Dance           Hex            0%         N/A       99%         3
 Passage of Golubria      Tloc           0%         N/A       100%        4
 Yara's Violent Unravell  Hex/Tmut       0%         3d3       100%        5


Dungeon Overview and Level Annotations

Branches:
Dungeon (5/15)             Temple (0/1) D:4

Altars:
Makhleb

Annotations:
D:5 1 exclusion


Innate Abilities, Weirdness & Mutations

You have a pair of horns on your head.
You reflexively headbutt those who attack you in melee.


Message History

The ball of steam hits you but does no damage.
The kobold is engulfed in a cloud of scalding steam.
The kobold dies!
There is an open door, spattered with blood here.
You reach down and close the door.
Press: ? - help, . - travel You can't see that place. [the floor.] Placed new exclusion.
The steam dragon breathes steam at you. The ball of steam hits you!
You hear a shout!
You're standing in a cloud of steam!
You're standing in a cloud of steam!
It's broken and can't be closed.
You are engulfed in a cloud of scalding steam.
The kobold brigand throws a poisoned dart.
The poisoned dart hits you!
You are poisoned.
You feel very sick.
The kobold brigand throws a poisoned dart.
The poisoned dart hits you!
You are more poisoned.
There is an open door here.
You feel very sick. The steam dragon breathes steam at you.
The ball of steam hits you!!
* * * LOW HITPOINT WARNING * * *
* * * LOW HITPOINT WARNING * * *
You feel very sick.
As you close the door, it creaks loudly!
* * * LOW HITPOINT WARNING * * *
You feel very sick.
It was a potion of curing.
You feel better.
You are engulfed in a cloud of scalding steam.
* * * LOW HITPOINT WARNING * * *
A kobold brigand breaks down the door.
The steam dragon breathes steam at you. The ball of steam hits you!!
You die...

####### ##...........#
#.....# #..#.#######.#
#.###'##########.##.## ##.#
##§##..K....#......##.# #.##
..§##.......#.......#.##
##.#
.§§##......K#.......##.#
#.##
..§###...KKD§.......'#.###.#
...# ########§§.....###.#.##
#..D.... #..§@.>)# #...#
+...))). +.......##.# ##'##
#...[... ##########.# #..[#
#.....KK #.......# #..§#
#.....K$ #.##.##.# #§≈§#
#........ #.#########.≈§#
####### #.........#.≈.#
#.#.#######...# #.#.# #...#


There were no monsters in sight!

Vanquished Creatures
  Sigmund (D:5)
  A black bear (D:5)
  A hound (D:4)
  Jessica (D:2)
  Ijyb (D:3)
  6 adders
  3 gnolls (D:4)
  A shadow imp (D:4)
  A dart slug (D:3)
  8 orcs
  8 endoplasms
  3 giant cockroaches
  8 goblins
  11 hobgoblins
  5 jackals
  9 kobolds
  2 quokkas
  8 ball pythons
  3 bats
  4 frilled lizards
  4 rats
89 creatures vanquished.

Vanquished Creatures (others)
  4 kobolds (D:5)
  10 plants (D:4)
14 creatures vanquished.

Grand Total: 103 creatures vanquished

Notes
Turn   | Place    | Note
-------+----------+-------------------------------------------
     0 | D:1      | Anon1729 the Minotaur Monk began the quest for the Orb.
     0 | D:1      | Reached XP level 1. HP: 19/19 MP: 0/0
   364 | D:1      | Reached skill level 4 in Axes
   368 | D:1      | Reached XP level 2. HP: 22/27 MP: 1/1
   584 | D:1      | Reached skill level 1 in Armour
  1186 | D:2      | Reached XP level 3. HP: 29/33 MP: 2/2
  1608 | D:2      | Found a burning altar of Makhleb.
  1629 | D:2      | Became a worshipper of Makhleb the Destroyer
  1629 | D:2      | Reached * piety under Makhleb
  1629 | D:2      | Reached ** piety under Makhleb
  1741 | D:2      | Noticed Jessica
  1746 | D:2      | Killed Jessica
  1747 | D:2      | Reached skill level 5 in Axes
  1747 | D:2      | Reached XP level 4. HP: 41/41 MP: 3/3
  1979 | D:3      | Noticed Ijyb
  1981 | D:3      | Paralysed by Ijyb for 5 turns
  1997 | D:3      | Paralysed by Ijyb for 3 turns
  2010 | D:3      | Killed Ijyb
  2317 | D:3      | Reached XP level 5. HP: 47/47 MP: 4/4
  2435 | D:4      | Reached skill level 1 in Shields
  2496 | D:4      | Reached skill level 1 in Invocations
  2560 | D:4      | Found a staircase to the Ecumenical Temple.
  2573 | D:4      | Identified the +2 leather armour "Vuenol" {Fly rC++ Will+
                  | SInv}
  2959 | D:5      | Entered Level 5 of the Dungeon
  2973 | D:5      | Noticed a black bear
  2984 | D:5      | Killed a black bear
  2984 | D:5      | Reached *** piety under Makhleb
  2985 | D:5      | Reached skill level 5 in Fighting
  2985 | D:5      | Reached skill level 6 in Axes
  2985 | D:5      | Reached XP level 6. HP: 31/56 MP: 4/6
  3241 | D:5      | Noticed Sigmund
  3266 | D:5      | Killed Sigmund
  3483 | D:5      | Identified the +5 chain mail of Boosoequ {Harm SInv}
  3524 | D:5      | Reached XP level 7. HP: 49/61 MP: 7/7
  3572 | D:5      | Noticed a steam dragon
  3604 | D:5      | Killed from afar by a steam dragon

Illustrated notes

Levels and vault maps discovered:
D:1:      minmay_arrival_split_and_join, layout_rooms, serial_co_window_serial,
          co_window_paths_a, co_window_corner_a, co_window_paths_b,
          co_window_corner_a, co_window_of_opportunity_a, co_window_2corner,
          co_window_paths_c, co_window_broadway_c, co_window_of_opportunity_b,
          co_window_corner_b, co_window_broadway_b, co_window_corner_cb,
          co_window_4corner_b, amcnicky_mini_corridor_feature
D:2:      layout_basic, basic_altar, uniq_jessica
D:3:      layout_rooms, kennysheep_pointless_box, uniq_ijyb
D:4:      layout_rooms, minmay_temple_entry_sparse_star, serial_bayou,
          serial_bayou_shore_b, serial_bayou_pond_e, serial_bayou_pond_a,
          serial_bayou_ford_a
D:5:      layout_basic, grunt_decor_clamped, uniq_sigmund

Skill      XL: |  1  2  3  4  5  6 |
---------------+-------------------+-----
Axes           | 4 5 6 |  6.6
Armour         | 1 2 3 |  3.4
Fighting       | 4 5 |  5.3
Shields        | 2 |  2.5
Invocations    | 1 2 |  2.1
Dodging        | |  3.3
Stealth        | |  1.5

Action                   |  1- 3 |  4- 6 |  7- 9 || total
-------------------------+-------+-------+-------++-------
Melee: Hand axe          |    96 |   158 |       ||   254
       Headbutt          |    12 |    29 |       ||    41
       Punch             |       |     1 |       ||     1
Invok: Minor Destruction |       |     3 |       ||     3
  Use: Potion            |       |       |     1 ||     1
 Stab: Sleeping          |     1 |     2 |       ||     3
Armor: Ring mail         |    26 |       |       ||    26
       Scale mail        |    13 |    31 |       ||    44
       Leather armour    |       |     9 |     1 ||    10
Dodge: Dodged            |    55 |    54 |       ||   109
Block: Kite shield       |       |    54 |       ||    54

Table legend: (Time is in decaauts)
 A = Elapsed time spent in this place.
 B = Non-inter-level travel time spent in this place.
 C = Inter-level travel time spent in this place.
 D = Time resting spent in this place.
 E = Time spent auto-exploring this place.
 F = Levels seen in this place.
 G = Mean time per level.
                   A        B        C        D        E       F      G
               +--------+--------+--------+--------+--------+-----+--------+
         Total |   3642 |   3531 |    111 |      0 |   2874 |   5 |  728.4 |
       Dungeon |   3642 |   3531 |    111 |      0 |   2874 |   5 |  728.4 |
               +--------+--------+--------+--------+--------+-----+--------+

Top non-repeatable levels by time:
     D:1: 1179 daAuts
     D:2: 724 daAuts
     D:5: 654 daAuts
     D:3: 542 daAuts
     D:4: 541 daAuts
